 Dungeon Crawl Stone Soup version 0.21.1-1-g345015fe64 (webtiles) character file.

7928 Jukra the Cleaver (level 11, 0/142 HPs)
             Began as a Minotaur Berserker on Feb 8, 2018.
             Was a High Priest of Trog.
             Slain by a seven-headed hydra (6 damage)
             ... on level 11 of the Dungeon on Feb 9, 2018.
             The game lasted 00:44:15 (8584 turns).

Jukra the Cleaver (Minotaur Berserker)              Turns: 8584, Time: 00:44:15

Health: 0/142      AC: 17    Str: 30    XL:     11   Next: 3%
Magic:  3/3        EV:  7    Int:  4    God:    Trog [*****.]
Gold:   618        SH: 18    Dex: 10    Spells: 10/10 levels left

rFire    + . .     SeeInvis .   b - +3 broad axe (antimagic)
rCold    . . .     Gourm    .   T - +0 large shield
rNeg     . . .     Faith    +   C - +0 plate armour
rPois    .         Spirit   .   (helmet restricted)
rElec    .         Reflect  .   n - +0 cloak
rCorr    .         Harm     .   L - +0 pair of gloves
MR       .....                  (no boots)
Stlth    ..........             a - amulet of faith
HPRegen  0.33/turn              o - ring of protection from fire
MPRegen  0.08/turn              (no ring)

@: berserking (expiring), very quick
A: retaliatory headbutt, horns 2
a: Berserk, Trog's Hand, Brothers in Arms, Burn Spellbooks, Renounce Religion


You were on level 11 of the Dungeon.
You worshipped Trog.
Trog was extremely pleased with you.
You were very hungry.

You visited 1 branch of the dungeon, and saw 11 of its levels.
You also visited: Sewer.

You collected 618 gold pieces.

Inventory:

Hand Weapons
 b - a +3 antimagic broad axe (weapon)
 u - a +0 hand axe
 y - a +2 rapier of venom
 G - a cursed -3 hand axe
 W - a +0 hunting sling
 Z - a -2 war axe
Missiles
 f - 151 arrows
 g - 89 sling bullets
 h - 3 tomahawks of returning
 v - 2 needles of sleeping
 V - 7 poisoned tomahawks (quivered)
Armour
 n - a +0 cloak (worn)
 C - a +0 plate armour (worn)
 L - a +0 pair of gloves (worn)
 T - a +0 large shield (worn)
Magical Staves
 X - an uncursed staff of wizardry {unknown}
Jewellery
 a - an amulet of faith (around neck)
 j - an uncursed amulet of regeneration
 o - a ring of protection from fire (left hand)
 t - an uncursed amulet of the gourmand
 R - a +3 amulet of reflection
Wands
 E - a wand of enslavement (4)
 F - a wand of iceblast (11)
 K - a wand of flame (26)
Scrolls
 d - a scroll of fear {unknown}
 l - 5 scrolls of remove curse
 m - 2 scrolls of identify
 q - 3 scrolls of random uselessness {unknown}
 r - a scroll of magic mapping {unknown}
 s - 5 scrolls of amnesia {unknown}
 x - 3 scrolls of enchant armour {unknown}
 J - 2 scrolls of blinking {unknown}
 O - 2 scrolls of fog {unknown}
 U - 3 scrolls of teleportation {unknown}
 Y - 2 scrolls of vulnerability {unknown}
Potions
 e - 4 potions of berserk rage {unknown}
 i - 5 potions of curing
 k - 2 potions of might {unknown}
 p - 3 potions of degeneration {unknown}
 w - 2 potions of heal wounds
 z - a potion of flight {unknown}
 A - a potion of agility {unknown}
 B - a potion of cancellation {unknown}
 D - 3 potions of ambrosia {unknown}
 H - 2 potions of lignification {unknown}
 I - a potion of mutation {unknown}
 N - a potion of brilliance {unknown}
Comestibles
 c - 18 rations


   Skills:
 * Level 8.4 Fighting
 * Level 11.1(11.6) Axes
   Level 5.6(9.2) Maces & Flails
 * Level 9.6 Armour
 * Level 6.4 Dodging
 * Level 9.0 Shields


You had 10 spell levels left.
You didn't know any spells.

Dungeon Overview and Level Annotations

Branches:
Dungeon (11/15)            Temple (0/1) D:7            Lair (0/6) D:11
    Orc (0/2) D:11

Altars:
Ashenzari
Fedhas
Gozag
Kikubaaqudgha
Nemelex Xobeh
Okawaru
Qazlal
Trog
Vehumet
Yredelemnul

Shops:
D:4 [

Annotations:
D:11 Harold


Innate Abilities, Weirdness & Mutations

You reflexively headbutt those who attack you in melee.
You have a pair of horns on your head.


Message History

The six-headed hydra closely misses you.
The six-headed hydra bites you.
* * * LOW HITPOINT WARNING * * *
You block the six-headed hydra's attack.
The six-headed hydra bites you but does no damage. x2
The six-headed hydra bites you!
* * * LOW HITPOINT WARNING * * *
The death yak gores you!
* * * LOW HITPOINT WARNING * * *
You chop one of the six-headed hydra's heads off!
The five-headed hydra grows two more!
You slash the seven-headed hydra!
The seven-headed hydra is moderately wounded.
You slice the hungry ghost!!
You destroy the hungry ghost!
Trog accepts your kill.
You slash the death yak!
Harold throws a throwing net.
You block the throwing net.
The seven-headed hydra barely misses you.
The seven-headed hydra bites you.
You die...

........ ...........#...
....... ...............#
#...... ...............#
#......
.>.............###....#
......................#
......................##
.....YYOD@..............
#@†..###.......(.. ..
##...# #.....>....
....#....###..........
.......................
.....................##
...########..........#
.% #8..).##....# .
#.....##......
+..>.###......


You could see a death yak, Harold, a seven-headed hydra, a yak and an ogre.

Vanquished Creatures
  2 death yaks (D:11)
  2 cyclopes
  Maurice (D:9)
  A troll (D:9)
  A meliai zombie (D:11)
  The ghost of RUZZLEFAZAZZLE the Skirmisher, an amateur VSFi (D:3)
  3 yaks (D:11)
  3 hungry ghosts
  Menkaure (D:4)
  A soldier ant (D:10)
  A black bear (D:9)
  2 ice beasts
  2 orc warriors
  2 eyes of draining (D:10)
  3 sky beasts
  An ogre (D:5)
  4 phantoms
  3 centaurs
  A big kobold (D:9)
  5 bullfrogs
  4 scorpions
  6 killer bees (D:7)
  4 howler monkeys
  3 crimson imps
  A jelly (D:7)
  4 orc priests
  5 hounds
  5 orc wizards
  A bullfrog skeleton (D:11)
  A centaur skeleton (D:8)
  Ijyb (D:4)
  5 iguanas
  6 worker ants
  A killer bee zombie (D:9)
  A worker ant zombie (D:9)
  3 howler monkey skeletons
  3 gnolls (D:5)
  18 adders
  2 river rats (D:4)
  14 oozes
  2 adder skeletons
  3 worms (D:4)
  A dart slug (D:1)
  19 leopard geckos
  18 orcs
  9 ball pythons
  7 bats
  23 giant cockroaches
  4 goblins
  9 hobgoblins
  23 jackals
  6 kobolds
  5 quokkas
  13 frilled lizards
  2 jackal skeletons
  A quokka skeleton (D:4)
  A quokka zombie (D:6)
  7 rats
281 creatures vanquished.

Vanquished Creatures (others)
  An orc wizard (D:4)
1 creature vanquished.

Grand Total: 282 creatures vanquished

Notes
Turn   | Place    | Note
-------+----------+-------------------------------------------
     0 | D:1      | Jukra the Minotaur Berserker began the quest for the Orb.
     0 | D:1      | Reached XP level 1. HP: 19/19 MP: 0/0
   164 | D:1      | Reached skill level 4 in Axes
   164 | D:1      | Reached XP level 2. HP: 17/27 MP: 1/1
   954 | D:2      | Reached XP level 3. HP: 32/33 MP: 2/2
  1012 | D:2      | Found a bloodstained altar of Trog.
  1017 | D:2      | Found a radiant altar of Vehumet.
  1092 | D:2      | Reached ** piety under Trog
  1159 | D:2      | Reached skill level 1 in Shields
  1263 | D:2      | Noticed a scorpion
  1278 | D:2      | Killed a scorpion
  1278 | D:2      | Reached XP level 4. HP: 27/40 MP: 3/3
  1295 | D:2      | Reached skill level 5 in Axes
  1760 | D:3      | Noticed RUZZLEFAZAZZLE's ghost (amateur VSFi)
  1770 | D:3      | Killed RUZZLEFAZAZZLE's ghost
  1770 | D:3      | Reached XP level 5. HP: 25/47 MP: 4/4
  1770 | D:3      | Reached XP level 6. HP: 29/53 MP: 5/5
  1871 | D:3      | Reached skill level 6 in Axes
  2065 | D:3      | Found a basalt altar of Yredelemnul.
  2086 | D:3      | Found an ancient bone altar of Kikubaaqudgha.
  2290 | D:4      | Noticed Ijyb
  2311 | D:4      | Killed Ijyb
  2487 | D:4      | Reached *** piety under Trog
  2594 | D:4      | Noticed Menkaure
  2604 | D:4      | Killed Menkaure
  2604 | D:4      | Reached XP level 7. HP: 42/60 MP: 6/6
  2670 | D:4      | Reached skill level 5 in Fighting
  2799 | D:4      | Found Hipp's Armour Boutique.
  2948 | D:4      | Reached skill level 7 in Axes
  2984 | D:4      | Found a glowing drain.
  2988 | Sewer    | Entered a sewer
  3089 | Sewer    | Reached **** piety under Trog
  3191 | Sewer    | Reached skill level 5 in Shields
  3275 | Sewer    | Reached skill level 5 in Armour
  3298 | Sewer    | Reached ***** piety under Trog
  3304 | Sewer    | Reached XP level 8. HP: 60/68 MP: 7/7
  3766 | D:5      | Entered Level 5 of the Dungeon
  3985 | D:5      | Reached skill level 8 in Axes
  4039 | D:5      | Found an iron altar of Okawaru.
  4845 | D:6      | Reached skill level 1 in Maces & Flails
  5051 | D:6      | Found an opulent altar of Gozag.
  5052 | D:6      | Found a blossoming altar of Fedhas.
  5166 | D:6      | Reached XP level 9. HP: 63/75 MP: 8/8
  5676 | D:7      | Found a sand-covered staircase.
  5933 | D:7      | Found a staircase to the Ecumenical Temple.
  5985 | D:7      | Received a gift from Trog
  5996 | D:7      | Reached skill level 5 in Dodging
  6186 | D:7      | Reached skill level 9 in Axes
  6318 | D:7      | Reached skill level 5 in Maces & Flails
  6523 | D:8      | Found a shattered altar of Ashenzari.
  6523 | D:8      | Found a sparkling altar of Nemelex Xobeh.
  6579 | D:8      | Found a stormy altar of Qazlal.
  6938 | D:9      | Noticed Maurice
  7022 | D:9      | Killed Maurice
  7022 | D:9      | Received a gift from Trog
  7022 | D:9      | Reached XP level 10. HP: 86/86 MP: 9/9
  7773 | D:10     | Entered Level 10 of the Dungeon
  7774 | D:10     | Noticed a cyclops
  7795 | D:10     | Killed a cyclops
  7795 | D:10     | Reached skill level 10 in Axes
  8535 | D:11     | Noticed a cyclops
  8540 | D:11     | Killed a cyclops
  8548 | D:11     | Found a staircase to the Orcish Mines.
  8562 | D:11     | Found a staircase to the Lair.
  8563 | D:11     | Noticed a death yak
  8563 | D:11     | Noticed a death yak
  8563 | D:11     | Noticed a death yak
  8570 | D:11     | Noticed Harold
  8572 | D:11     | Noticed a five-headed hydra
  8573 | D:11     | Killed a death yak
  8579 | D:11     | Killed a death yak
  8579 | D:11     | Reached skill level 11 in Axes
  8579 | D:11     | Reached XP level 11. HP: 33/95 MP: 3/10
  8583 | D:11     | HP: 6/142 [death yak (15)]
  8584 | D:11     | Slain by a seven-headed hydra

Skill      XL: |  1  2  3  4  5  6  7  8  9 10 |
---------------+-------------------------------+-----
Axes           | 4 5 6 7 8 9 11 | 11.1
Fighting       | 4 5 6 7 8 |  8.4
Shields        | 2 3 4 5 6 7 9 |  9.0
Armour         | 3 4 5 6 8 9 |  9.6
Dodging        | 3 4 5 6 |  6.4
Maces & Flails | 1 5 |  5.6

Action                   |  1- 3 |  4- 6 |  7- 9 | 10-12 || total
-------------------------+-------+-------+-------+-------++-------
Melee: Hand axe          |   109 |   170 |   388 |       ||   667
       Headbutt          |    14 |    23 |   103 |    24 ||   164
       Dire flail        |       |       |   230 |       ||   230
       War axe           |       |       |    43 |       ||    43
       Broad axe         |       |       |       |   107 ||   107
Invok: Berserk           |       |     2 |     1 |     2 ||     5
       Burn Spellbooks   |       |       |     2 |       ||     2
  Use: Scroll            |     4 |     2 |     3 |       ||     9
  Eat: Chunk             |     1 |       |     7 |       ||     8
       Ration            |       |     2 |     3 |     2 ||     7
Armor: Animal skin       |     3 |       |       |       ||     3
       Leather armour    |    14 |       |       |       ||    14
       Scale mail        |     4 |    62 |   105 |       ||   171
       Skin              |     2 |       |       |       ||     2
       Ring mail         |     1 |       |       |       ||     1
       Chain mail        |       |       |   115 |     3 ||   118
       Plate armour      |       |       |       |   102 ||   102
Dodge: Dodged            |    38 |    21 |   208 |    16 ||   283
Block: Large shield      |    60 |   106 |   336 |   118 ||   620
       Reflection        |       |       |     4 |       ||     4
